[ PARTIDA AOE2 · #506543335 ]
UnrankedBirmanos vs Lithuanians
Equipo del jugador · DERR
Equipo rival · VICT
[ ANÁLISIS DE REPETICIÓN · EXTRAÍDO DE LA PARTIDA GRABADA ]
Feudal
10:45
Castillos
29:35
Imperial
50:20
| APM promedio | 35.2 |
| APM pico | 81 |
| eAPM promedio | 18.8 |
| Aldeanos / militares | 97 / 130 |
Foco
⚔️ 31.4% · 🌾 68.6%
Spearman ×48 · Knight ×36 · Archer ×23 · Monk ×7 · Militia ×5 · Battering Ram ×5
Feudal
9:17
Castillos
31:46
Imperial
51:12
| APM promedio | 24.0 |
| APM pico | 61 |
| eAPM promedio | 13.8 |
| Aldeanos / militares | 121 / 106 |
Foco
⚔️ 33.2% · 🌾 66.8%
Skirmisher ×34 · Knight ×28 · Archer ×15 · Militia ×8 · Scorpion ×6 · Monk ×4
Mapa de la partida
Recursos iniciales + cada clic de construcción. Líneas = muros · curvas = relieve. ◆ oro · ⬟ piedra · ● bayas · ✦ reliquia · ◌ hueco del cierre
Tu base· Abierta — hueco de 4t
Base de Kinait· Abierta — flanco sin cerrar
Terreno inicial suavizado · ◌ = hueco del cierre detectado · pasá el cursor para detalles
Inputs por minuto
— Boywars - - Kinait
Build order — Boywars
Primeras 150 de 395 acciones detectadas
| 0:04 | Crear | Villager (Male) |
| 0:04 | Crear | Villager (Male) |
| 0:04 | Crear | Villager (Male) |
| 0:04 | Crear | Villager (Male) |
| 0:05 | Crear | Villager (Male) |
| 0:07 | Construir | House |
| 0:09 | Construir | House |
| 1:29 | Crear | Villager (Male) |
| 1:29 | Crear | Villager (Male) |
| 1:59 | Construir | Lumber Camp |
| 2:14 | Crear | Villager (Male) |
| 2:14 | Crear | Villager (Male) |
| 2:30 | Crear | Villager (Male) |
| 2:30 | Crear | Villager (Male) |
| 2:55 | Crear | Villager (Male) |
| 2:55 | Crear | Villager (Male) |
| 3:02 | Investigar | Loom |
| 3:09 | Crear | Villager (Male) |
| 3:09 | Crear | Villager (Male) |
| 3:43 | Crear | Villager (Male) |
| 4:01 | Crear | Villager (Male) |
| 4:01 | Crear | Villager (Male) |
| 4:24 | Construir | House |
| 4:27 | Construir | House |
| 4:50 | Crear | Villager (Male) |
| 4:50 | Crear | Villager (Male) |
| 4:50 | Crear | Villager (Male) |
| 5:11 | Construir | House |
| 5:33 | Construir | Mill |
| 5:52 | Construir | Palisade Wall |
| 6:03 | Crear | Villager (Male) |
| 6:03 | Crear | Villager (Male) |
| 6:04 | Crear | Villager (Male) |
| 6:04 | Crear | Villager (Male) |
| 6:35 | Construir | Palisade Wall |
| 6:58 | Crear | Villager (Male) |
| 7:44 | Crear | Villager (Male) |
| 7:51 | Construir | Palisade Wall |
| 8:01 | Construir | Barracks |
| 8:20 | Construir | Palisade Wall |
| 8:28 | Construir | Palisade Wall |
| 8:35 | Investigar | Feudal Age |
| 9:04 | Construir | Palisade Wall |
| 9:07 | Crear | Militia |
| 9:07 | Crear | Militia |
| 9:08 | Crear | Militia |
| 9:42 | Construir | Palisade Wall |
| 9:46 | Crear | Militia |
| 9:58 | Construir | Palisade Wall |
| 10:10 | Construir | Palisade Wall |
| 10:16 | Construir | Mining Camp |
| 10:25 | Construir | House |
| 10:30 | Crear | Militia |
| 10:33 | Crear | Villager (Male) |
| 10:37 | Construir | House |
| 10:43 | Construir | Palisade Wall |
| 10:45 | Edad | Edad Feudal |
| 10:56 | Construir | Palisade Wall |
| 11:16 | Construir | Farm |
| 11:18 | Construir | Farm |
| 11:20 | Construir | Farm |
| 11:33 | Investigar | Man-at-Arms (upgrade) |
| 11:34 | Investigar | Man-at-Arms (upgrade) |
| 11:49 | Construir | Archery Range |
| 12:27 | Crear | Archer |
| 12:27 | Crear | Archer |
| 12:35 | Crear | Spearman |
| 12:35 | Crear | Spearman |
| 12:53 | Crear | Archer |
| 12:53 | Crear | Archer |
| 13:09 | Construir | Market |
| 13:17 | Crear | Archer |
| 13:38 | Crear | Archer |
| 13:44 | Construir | Watch Tower |
| 13:55 | Construir | Blacksmith |
| 14:29 | Crear | Villager (Male) |
| 14:37 | Crear | Archer |
| 14:49 | Construir | Farm |
| 14:50 | Construir | Farm |
| 15:02 | Construir | Farm |
| 15:06 | Crear | Archer |
| 15:41 | Crear | Archer |
| 15:44 | Investigar | Fletching |
| 15:44 | Investigar | Fletching |
| 15:58 | Construir | Mining Camp |
| 16:14 | Crear | Archer |
| 16:14 | Crear | Archer |
| 16:25 | Crear | Villager (Male) |
| 16:48 | Crear | Archer |
| 16:53 | Construir | Farm |
| 17:07 | Crear | Villager (Male) |
| 17:10 | Crear | Archer |
| 17:20 | Construir | Farm |
| 17:21 | Construir | Farm |
| 18:00 | Crear | Archer |
| 18:37 | Construir | Stable |
| 18:49 | Construir | Watch Tower |
| 18:54 | Crear | Archer |
| 18:55 | Crear | Archer |
| 18:58 | Crear | Archer |
| 19:10 | Crear | Villager (Male) |
| 19:34 | Crear | Scout Cavalry |
| 19:41 | Crear | Archer |
| 19:51 | Crear | Villager (Male) |
| 19:58 | Crear | Archer |
| 20:18 | Crear | Scout Cavalry |
| 20:31 | Crear | Villager (Male) |
| 20:45 | Construir | House |
| 20:46 | Construir | House |
| 21:01 | Construir | Watch Tower |
| 21:18 | Crear | Archer |
| 21:34 | Construir | Outpost |
| 21:36 | Construir | Outpost |
| 21:54 | Construir | Barracks |
| 21:58 | Construir | Farm |
| 21:58 | Construir | Farm |
| 22:23 | Construir | House |
| 22:24 | Construir | House |
| 22:28 | Construir | House |
| 23:20 | Crear | Villager (Male) |
| 23:21 | Crear | Villager (Male) |
| 23:25 | Crear | Archer |
| 23:34 | Crear | Villager (Male) |
| 23:44 | Construir | Watch Tower |
| 24:07 | Construir | Lumber Camp |
| 24:10 | Construir | House |
| 25:13 | Construir | Palisade Wall |
| 25:14 | Construir | Palisade Wall |
| 25:14 | Construir | Palisade Wall |
| 25:15 | Construir | Palisade Wall |
| 25:26 | Construir | House |
| 25:40 | Crear | Scout Cavalry |
| 26:25 | Construir | Farm |
| 26:52 | Construir | Outpost |
| 26:55 | Investigar | Castle Age |
| 27:14 | Construir | House |
| 27:41 | Construir | House |
| 27:52 | Construir | Stable |
| 28:16 | Construir | Farm |
| 28:46 | Construir | Mining Camp |
| 29:35 | Edad | Edad de los Castillos |
| 29:41 | Crear | Knight |
| 29:41 | Crear | Knight |
| 29:41 | Crear | Knight |
| 29:41 | Crear | Knight |
| 29:42 | Crear | Knight |
| 29:42 | Crear | Knight |
| 29:42 | Crear | Knight |
| 29:42 | Crear | Knight |
| 29:43 | Crear | Knight |
Build order — Kinait
Primeras 150 de 358 acciones detectadas
| 0:01 | Crear | Villager (Male) |
| 0:01 | Crear | Villager (Male) |
| 0:01 | Crear | Villager (Male) |
| 0:02 | Construir | House |
| 0:04 | Construir | House |
| 0:08 | Crear | Villager (Male) |
| 0:08 | Crear | Villager (Male) |
| 0:18 | Crear | Villager (Male) |
| 1:30 | Crear | Villager (Male) |
| 1:58 | Crear | Villager (Male) |
| 2:11 | Construir | Lumber Camp |
| 2:13 | Crear | Villager (Male) |
| 2:38 | Construir | House |
| 2:43 | Crear | Villager (Male) |
| 2:59 | Crear | Villager (Male) |
| 3:31 | Crear | Villager (Male) |
| 3:47 | Crear | Villager (Male) |
| 4:06 | Construir | Mill |
| 4:33 | Crear | Villager (Male) |
| 4:38 | Crear | Villager (Male) |
| 4:38 | Crear | Villager (Male) |
| 4:59 | Crear | Villager (Male) |
| 5:25 | Crear | Villager (Male) |
| 5:55 | Crear | Villager (Male) |
| 6:21 | Construir | Barracks |
| 6:24 | Investigar | Loom |
| 6:32 | Construir | House |
| 7:07 | Investigar | Feudal Age |
| 7:07 | Investigar | Feudal Age |
| 7:14 | Crear | Militia |
| 7:40 | Construir | Mining Camp |
| 8:06 | Crear | Militia |
| 8:06 | Crear | Militia |
| 8:45 | Crear | Militia |
| 9:07 | Crear | Militia |
| 9:17 | Edad | Edad Feudal |
| 9:35 | Crear | Villager (Male) |
| 9:39 | Crear | Militia |
| 9:44 | Construir | House |
| 10:07 | Crear | Villager (Male) |
| 10:15 | Construir | Blacksmith |
| 10:15 | Crear | Villager (Male) |
| 10:31 | Crear | Militia |
| 10:42 | Construir | Watch Tower |
| 10:54 | Investigar | Man-at-Arms (upgrade) |
| 11:04 | Construir | House |
| 11:14 | Crear | Villager (Male) |
| 11:54 | Crear | Villager (Male) |
| 12:04 | Construir | Mining Camp |
| 12:12 | Crear | Villager (Male) |
| 12:26 | Investigar | Fletching |
| 12:26 | Investigar | Fletching |
| 12:27 | Crear | Villager (Male) |
| 12:45 | Construir | Mill |
| 12:55 | Crear | Villager (Male) |
| 13:08 | Construir | Watch Tower |
| 13:12 | Crear | Villager (Male) |
| 13:44 | Crear | Villager (Male) |
| 14:00 | Crear | Villager (Male) |
| 14:40 | Construir | House |
| 14:41 | Crear | Villager (Male) |
| 14:47 | Construir | Lumber Camp |
| 14:55 | Construir | House |
| 15:21 | Construir | Watch Tower |
| 15:24 | Crear | Villager (Male) |
| 15:45 | Construir | House |
| 15:48 | Construir | House |
| 15:59 | Crear | Villager (Male) |
| 16:36 | Construir | Archery Range |
| 16:38 | Crear | Villager (Male) |
| 17:01 | Construir | Palisade Wall |
| 17:18 | Crear | Villager (Male) |
| 17:22 | Crear | Archer |
| 17:39 | Crear | Villager (Male) |
| 17:46 | Construir | House |
| 17:49 | Construir | Palisade Wall |
| 17:50 | Construir | Farm |
| 17:52 | Construir | Farm |
| 17:53 | Construir | Farm |
| 18:00 | Construir | Watch Tower |
| 18:05 | Crear | Archer |
| 18:42 | Crear | Archer |
| 18:43 | Crear | Villager (Male) |
| 18:49 | Construir | Farm |
| 18:50 | Construir | Farm |
| 18:56 | Crear | Villager (Male) |
| 19:06 | Crear | Archer |
| 19:20 | Construir | Farm |
| 19:21 | Crear | Villager (Male) |
| 19:33 | Crear | Archer |
| 19:36 | Crear | Villager (Male) |
| 19:40 | Construir | Farm |
| 20:02 | Crear | Archer |
| 20:13 | Crear | Villager (Male) |
| 20:22 | Crear | Archer |
| 20:34 | Construir | Archery Range |
| 20:44 | Crear | Archer |
| 20:48 | Crear | Villager (Male) |
| 20:53 | Construir | Farm |
| 21:30 | Crear | Villager (Male) |
| 21:33 | Construir | Farm |
| 21:37 | Construir | House |
| 21:38 | Construir | House |
| 21:45 | Crear | Archer |
| 22:02 | Crear | Villager (Male) |
| 22:29 | Crear | Archer |
| 22:33 | Crear | Villager (Male) |
| 22:36 | Construir | Farm |
| 22:40 | Construir | House |
| 23:19 | Crear | Archer |
| 23:21 | Crear | Archer |
| 23:22 | Crear | Villager (Male) |
| 23:26 | Construir | Farm |
| 23:35 | Construir | Watch Tower |
| 23:50 | Crear | Militia |
| 24:19 | Crear | Villager (Male) |
| 24:32 | Crear | Spearman |
| 24:33 | Crear | Spearman |
| 24:37 | Construir | Palisade Wall |
| 24:38 | Construir | Palisade Wall |
| 24:44 | Construir | House |
| 24:46 | Construir | Palisade Wall |
| 24:48 | Construir | Palisade Wall |
| 25:00 | Construir | Watch Tower |
| 25:08 | Crear | Skirmisher |
| 25:08 | Crear | Skirmisher |
| 25:10 | Crear | Skirmisher |
| 25:10 | Crear | Skirmisher |
| 25:12 | Crear | Villager (Male) |
| 25:48 | Crear | Villager (Male) |
| 25:58 | Crear | Villager (Male) |
| 26:32 | Crear | Villager (Male) |
| 26:40 | Investigar | Town Watch |
| 26:47 | Construir | Market |
| 27:14 | Construir | Farm |
| 27:14 | Construir | Farm |
| 27:16 | Construir | Farm |
| 27:19 | Construir | Farm |
| 27:21 | Investigar | Wheelbarrow |
| 27:49 | Crear | Archer |
| 27:49 | Crear | Archer |
| 28:08 | Construir | Farm |
| 28:23 | Crear | Archer |
| 28:37 | Construir | House |
| 28:38 | Construir | House |
| 29:06 | Investigar | Castle Age |
| 29:56 | Investigar | Double-Bit Axe |
| 29:58 | Investigar | Horse Collar |
| 30:07 | Construir | Stable |
| 31:05 | Investigar | Gold Mining |
Cronología de la partida
| 5:52 | Boywars · wall_segment Palisade Wall x4 |
| 6:21 | Kinait · first_building Barracks |
| 6:35 | Boywars · wall_segment Palisade Wall x9 |
| 7:51 | Boywars · wall_segment Palisade Wall x1 |
| 8:01 | Boywars · first_building Barracks |
| 8:20 | Boywars · wall_segment Palisade Wall x3 |
| 8:28 | Boywars · wall_segment Palisade Wall x3 |
| 9:04 | Boywars · wall_segment Palisade Wall x6 |
| 9:17 | Kinait · age_up feudal |
| 9:42 | Boywars · wall_segment Palisade Wall x3 |
| 9:58 | Boywars · wall_segment Palisade Wall x7 |
| 10:10 | Boywars · wall_segment Palisade Wall x6 |
| 10:43 | Boywars · wall_segment Palisade Wall x7 |
| 10:45 | Boywars · age_up feudal |
| 10:56 | Boywars · wall_segment Palisade Wall x2 |
| 11:49 | Boywars · first_building Archery Range |
| 16:36 | Kinait · first_building Archery Range |
| 17:01 | Kinait · wall_segment Palisade Wall x1 |
| 17:49 | Kinait · wall_segment Palisade Wall x3 |
| 18:37 | Boywars · first_building Stable |
| 20:55 | Boywars · first_market_sell 100 wood |
| 20:57 | Boywars · first_market_buy 100 stone |
| 24:37 | Kinait · wall_segment Palisade Wall x1 |
| 24:38 | Kinait · wall_segment Palisade Wall x1 |
| 24:46 | Kinait · wall_segment Palisade Wall x1 |
| 24:48 | Kinait · wall_segment Palisade Wall x1 |
| 25:13 | Boywars · wall_segment Palisade Wall x1 |
| 25:14 | Boywars · wall_segment Palisade Wall x1 |
| 25:14 | Boywars · wall_segment Palisade Wall x1 |
| 25:15 | Boywars · wall_segment Palisade Wall x1 |
| 29:03 | Kinait · first_market_buy 100 food |
| 29:35 | Boywars · age_up castle |
| 30:07 | Kinait · first_building Stable |
| 30:30 | Boywars · wall_segment Stone Wall x1 |
| 31:27 | Boywars · first_building Siege Workshop |
| 31:46 | Kinait · age_up castle |
| 31:58 | Kinait · wall_segment Palisade Wall x3 |
| 32:04 | Kinait · wall_segment Palisade Wall x8 |
| 32:32 | Kinait · first_building Monastery |
| 33:08 | Boywars · first_building Monastery |
| 33:15 | Boywars · wall_segment Stone Wall x1 |
| 33:19 | Kinait · first_building Siege Workshop |
| 35:56 | Kinait · first_market_sell 100 food |
| 39:56 | Kinait · first_building Castle |
| 41:28 | Boywars · wall_segment Stone Wall x6 |
| 47:30 | Boywars · wall_segment Stone Wall x10 |
| 48:45 | Boywars · first_building Castle |
| 50:18 | Boywars · wall_segment Stone Wall x2 |
| 50:20 | Boywars · age_up imperial |
| 50:23 | Kinait · wall_segment Palisade Wall x16 |
| 51:12 | Kinait · age_up imperial |
| 51:26 | Kinait · wall_segment Palisade Wall x10 |
| 53:36 | Kinait · wall_segment Palisade Wall x2 |
| 53:37 | Kinait · wall_segment Palisade Wall x5 |
| 53:52 | Kinait · wall_segment Palisade Wall x1 |
| 55:51 | Boywars · wall_segment Stone Wall x1 |
| 56:54 | Boywars · resign |
[ ANÁLISIS IA · 1 CRÉDITO ]
¿Qué pasó realmente en esta partida?
Wolo.gg analiza cada decisión: build order, eco, micro, errores típicos por bracket. Análisis personalizado por WhatsApp o Discord en 30 segundos.
Guía civ
Birmanos
Perfil
Jugador #3409852